Map: Abyssal Reef LE

Players

Solar

  • Race: Zerg Zerg
  • Spawn Location: 11:00

Zest - Winner!

  • Race: Protoss Protoss
  • League: Master
  • Spawn Location: 5:00

Event: HomeStory Cup XVI

VOD

https://www.youtube.com/watch?v=j5-L5HlXyWA

Description

Solar opens Hatch First while Zest opens 1 Gate Expand for a standard macro game. Zest follows up with a fast Robo and Dark Shrine. He warps in several Dark Templar in front of Solar's base with a Warp Prism, but Solar already has Spore Crawlers to fight them off. Zest goes for a 3rd base, and although Solar sends a bunch of Zerglings over to take it out, 1 Adept and 2 Sentries squeezed in-between the mineral line with a Shield Battery are able to defend without taking any losses.

During the harassment, Zest starts adding fast Zealots and Immortals to a few Archons. Solar starts building Hydralisks and Banelings while taking a 4th base when Zest first pushes out for a soft contain. The game slows down while both players build up their armies and tech up to Hive and Psionic Storm.

As they approach max supply, Zest sends his Zealots around to the 3rd base while there is a fight in front of his base. The Archons march straight through the Banelings, Zerglings, and Hydralisks, and Solar GGs out.

Time

  • Played on: Nov. 12, 2017, 4:15 p.m.
  • Length: 10:37

All games in this series

Show
View Real Time Build Order
Export as new Build Order

Solar Zerg 

Build Orders: Hatch First 

Get SALT Encoding   

  12  0:01  Drone  
  13  0:12  Overlord  
  13  0:17  Drone  
  14  0:30  Drone x2  
  14  0:34  Drone  
  17  0:51  Hatchery  
  17  0:55  Drone  
  17  0:58  Drone  
  17  1:03  Extractor  
  17  1:13  Spawning Pool  
  17  1:16  Drone  
  17  1:20  Drone  
  18  1:27  Drone  
  19  1:38  Drone  
  20  1:49  Hatchery  
  20  1:51  Drone  
  20  2:03  Queen  
  20  2:07  Metabolic Boost  
  22  2:11  Drone  
  24  2:15  Drone  
  24  2:22  Queen  
  26  2:28  Overlord  
  26  2:30  Drone  
  26  2:33  Zergling x2  
  26  2:36  Extractor  
  26  2:37  Zergling x2  
  29  2:47  Zergling x2  
  29  2:48  Drone x3  
  33  2:53  Drone  
  34  2:59  Zergling x2  
  34  3:02  Queen  
  34  3:03  Drone  
  38  3:05  Overlord  
  38  3:12  Drone x3  
  40  3:15  Overlord  
  40  3:19  Spore Crawler  
  39  3:29  Drone x2  
  39  3:31  Overlord  
  41  3:34  Drone  
  41  3:35  Drone  
  41  3:38  Spore Crawler  
  41  3:39  Drone  
  43  3:41  Drone  
  43  3:44  Zergling x6  
  47  3:51  Zergling x6  
  47  3:53  Evolution Chamber  
  49  3:57  Spore Crawler, Overlord  
  49  3:58  Drone  
  49  4:00  Drone  
  50  4:09  Queen, Zergling x6  
  55  4:14  Queen  
  57  4:17  Drone  
  57  4:18  Drone  
  57  4:20  Drone  
  57  4:23  Zerg Melee Weapons Level 1  
  60  4:25  Overlord  
  60  4:27  Drone  
  60  4:30  Zergling x4  
  63  4:35  Drone x2  
  65  4:41  Overlord  
  65  4:44  Zergling x6  
  65  4:45  Zergling x2  
  66  4:46  Zergling x4  
  66  4:52  Baneling Nest  
  67  4:54  Queen  
  69  5:01  Zergling x12  
  69  5:04  Zergling x4  
  69  5:06  Zergling x2  
  77  5:11  Zergling x2  
  77  5:13  Overlord  
  77  5:15  Drone  
  77  5:16  Extractor  
  77  5:18  Overlord  
  77  5:20  Overlord  
  76  5:27  Drone x2  
  77  5:28  Drone  
  77  5:29  Drone x2  
  77  5:30  Drone x3  
  77  5:32  Overlord  
  77  5:35  Drone x2  
  84  5:40  Lair  
  84  5:41  Drone  
  83  5:46  Drone x2  
  83  5:49  Queen  
  77  5:51  Drone  
  77  5:58  Zergling x4  
  77  6:00  Extractor  
  77  6:02  Extractor, Zergling x2  
  77  6:03  Zergling x6  
  81  6:05  Zergling x2  
  81  6:09  Zergling x10  
  87  6:12  Zergling x4  
  87  6:15  Baneling, Drone  
  87  6:17  Drone  
  90  6:21  Drone  
  90  6:23  Drone  
  90  6:27  Drone  
  90  6:31  Drone  
  90  6:32  Extractor  
  89  6:36  Overlord  
  89  6:40  Drone x3  
  89  6:41  Hydralisk Den, Drone  
  89  6:44  Zergling x12  
  95  6:48  Drone  
  95  6:52  Overlord  
  96  6:56  Overlord  
  96  6:58  Hatchery  
  96  7:01  Overseer  
  93  7:08  Drone  
  94  7:09  Drone x2  
  94  7:13  Hydralisk x7  
  110  7:17  Muscular Augments  
  110  7:21  Hydralisk  
  110  7:22  Hydralisk, Zergling x2  
  115  7:27  Zergling x6  
  115  7:28  Baneling  
  115  7:29  Baneling x3  
  118  7:35  Centrifical Hooks  
  118  7:40  Overseer  
  118  7:43  Zergling x6  
  118  7:44  Zergling x14  
  128  7:45  Hydralisk  
  128  7:47  Baneling  
  128  7:48  Baneling  
  128  7:49  Zergling x2  
  128  7:50  Zergling x2  
  132  7:57  Overlord  
  132  7:58  Hydralisk x2  
  132  8:05  Extractor  
  135  8:06  Infestation Pit  
  135  8:07  Drone x4  
  135  8:09  Overlord  
  135  8:10  Overlord  
  138  8:13  Drone x3  
  138  8:15  Overlord  
  138  8:16  Drone x2  
  143  8:20  Zerg Melee Weapons Level 2, Drone  
  143  8:24  Drone  
  144  8:29  Drone x3  
  147  8:38  Spire  
  147  8:39  Hydralisk x3  
  152  8:48  Extractor, Hive  
  152  8:50  Drone x2  
  152  8:53  Drone x3  
  151  8:56  Zergling x14  
  151  8:57  Zergling x6  
  151  8:58  Zergling x2  
  151  9:02  Baneling x5  
  159  9:03  Baneling x2  
  159  9:06  Zergling x10  
  159  9:08  Zergling x2  
  165  9:11  Overlord  
  165  9:13  Drone  
  165  9:14  Drone  
  166  9:17  Baneling  
  166  9:18  Overlord  
  166  9:25  Drone  
  166  9:29  Overlord  
  167  9:36  Zergling x6  
  167  9:37  Hatchery, Zergling x14  
  176  9:41  Baneling x11  
  176  9:42  Baneling x7  
  176  9:45  Hydralisk x2  
  175  9:46  Zergling x2  
  175  9:49  Zergling x6  
  183  9:55  Zergling x2  
  183  9:56  Zergling x12  
  183  9:57  Zergling x2  
  183  9:58  Zergling x2  
  186  10:09  Baneling x12  
  186  10:13  Extractor  
  185  10:18  Zergling x2  
  185  10:19  Zergling x2  
Show
View Real Time Build Order
Export as new Build Order

Zest Protoss - Winner!

Build Orders: 1 Gate Expand, Archon Immortal, Zealot Archon, Archon Drop, Dark Templar Rush 

Get SALT Encoding   

  12  0:02  Probe (Chrono Boost)  
  14  0:14  Probe (Chrono Boost)  
  14  0:19  Pylon  
  14  0:26  Probe (Chrono Boost)  
  15  0:33  Probe (Chrono Boost)  
  15  0:42  Probe (Chrono Boost)  
  16  0:44  Gateway  
  16  0:47  Assimilator  
  17  0:54  Probe (Chrono Boost)  
  18  1:06  Probe (Chrono Boost)  
  19  1:18  Probe (Chrono Boost)  
  20  1:23  Nexus  
  20  1:33  Cybernetics Core  
  20  1:38  Probe (Chrono Boost)  
  21  1:42  Assimilator  
  21  1:50  Probe (Chrono Boost)  
  21  1:51  Pylon  
  22  2:00  Adept  
  23  2:02  Probe (Chrono Boost)  
  23  2:10  Warp Gate  
  23  2:15  Probe (Chrono Boost)  
  26  2:17  Twilight Council  
  26  2:27  Probe (Chrono Boost)  
  26  2:28  Stalker  
  29  2:32  Probe (Chrono Boost)  
  29  2:34  Probe (Chrono Boost)  
  30  2:39  Probe (Chrono Boost)  
  30  2:41  Probe (Chrono Boost)  
  34  2:51  Probe (Chrono Boost)  
  34  2:53  Probe (Chrono Boost)  
  34  2:57  Robotics Facility  
  35  3:04  Probe (Chrono Boost)  
  35  3:05  Probe (Chrono Boost)  
  37  3:17  Probe x2 (Chrono Boost), Dark Shrine  
  39  3:29  Warp Prism  
  39  3:33  Gateway x2  
  39  3:38  Gateway  
  37  3:45  Probe x2 (Chrono Boost)  
  41  3:50  Pylon  
  41  3:57  Probe (Chrono Boost)  
  41  3:58  Probe (Chrono Boost)  
  41  4:00  Assimilator  
  43  4:02  Assimilator  
  45  4:10  Probe x2 (Chrono Boost)  
  45  4:11  Pylon  
  45  4:22  Probe x2 (Chrono Boost)  
  47  4:32  Dark Templar x3  
  47  4:33  Dark Templar  
  47  4:34  Probe x2 (Chrono Boost)  
  57  4:43  Pylon  
  57  4:52  Shield Battery  
  57  4:57  Pylon  
  57  5:01  Nexus  
  57  5:03  Archon x2  
  57  5:05  Adept  
  57  5:06  Adept  
  59  5:09  Probe x2 (Chrono Boost)  
  59  5:10  Immortal  
  59  5:11  Sentry  
  59  5:12  Sentry  
  63  5:21  Probe x2 (Chrono Boost)  
  69  5:30  Adept  
  69  5:33  Probe (Chrono Boost)  
  69  5:34  Probe (Chrono Boost)  
  73  5:41  Immortal  
  73  5:45  Probe (Chrono Boost)  
  73  5:46  Probe (Chrono Boost)  
  72  5:52  Charge  
  76  5:57  Probe (Chrono Boost)  
  76  5:58  Probe (Chrono Boost)  
  76  6:04  Sentry  
  76  6:07  Pylon  
  78  6:12  Forge  
  78  6:13  Gateway  
  78  6:14  Gateway, Probe x2 (Chrono Boost)  
  78  6:17  Gateway x2  
  80  6:22  Dark Templar  
  80  6:23  Zealot x2  
  85  6:26  Probe (Chrono Boost)  
  85  6:35  Dark Templar  
  85  6:38  Probe x3 (Chrono Boost), Pylon  
  90  6:40  Pylon  
  90  6:48  Archon, Dark Templar  
  90  6:49  Dark Templar  
  90  6:51  Shield Battery  
  90  6:52  Probe x3 (Chrono Boost)  
  90  6:53  Assimilator  
  97  6:58  Archon  
  97  6:59  Protoss Ground Weapons Level 1  
  97  7:01  Dark Templar  
  99  7:04  Pylon  
  99  7:10  Probe x2 (Chrono Boost)  
  99  7:11  Observer  
  99  7:13  Dark Templar x2  
  99  7:14  Zealot  
  108  7:21  Assimilator  
  108  7:23  Archon, Pylon  
  108  7:24  Zealot, Dark Templar  
  108  7:25  Zealot x2  
  108  7:28  Pylon  
  116  7:38  Nexus  
  116  7:51  Probe x2 (Chrono Boost)  
  116  7:54  Probe (Chrono Boost)  
  116  7:57  Templar Archives  
  119  7:58  Photon Cannon, Probe (Chrono Boost)  
  119  8:02  Pylon  
  119  8:05  Probe x2 (Chrono Boost)  
  122  8:10  Robotics Facility  
  122  8:13  Observer  
  122  8:14  Immortal  
  122  8:16  Probe (Chrono Boost), Psionic Storm  
  127  8:22  Probe x2 (Chrono Boost)  
  130  8:28  Probe (Chrono Boost)  
  130  8:29  Pylon  
  131  8:34  Probe (Chrono Boost)  
  131  8:36  Photon Cannon  
  131  8:38  Photon Cannon  
  131  8:39  High Templar x3  
  131  8:41  Photon Cannon, Observer  
  137  8:42  Photon Cannon  
  137  8:43  Shield Battery  
  137  8:44  Photon Cannon, High Templar  
  137  8:45  Shield Battery x2  
  137  8:47  Assimilator  
  139  8:51  Assimilator, Immortal  
  139  8:55  Immortal  
  139  9:06  Probe x2 (Chrono Boost)  
  149  9:18  Zealot x8  
  149  9:23  Pylon  
  165  9:25  Observer, Pylon  
  165  9:26  Pylon  
  165  9:27  Observer, Pylon  
  167  9:39  Nexus  
  167  9:53  High Templar x6, Zealot x2  
  167  9:57  Immortal, Archon  
  167  9:58  Archon x3  
  179  10:21  Zealot x2  
  179  10:26  Archon x2  
  179  10:27  Zealot x4  
  179  10:28  Zealot x2  
  169  10:29  Zealot  
Tags
 
Add a new tag
Caveats
  • Supply blocks, unpowered buildings, or Contaminate may cause inaccurate times.
  • Supply counts are checked every 10 seconds.